Predators vs Lightning (R1)

Created - December 19, 2020 at 19:11

Goals
1 2 3 T
Predators 0 0 1 1
Lightning 2 1 1 4
Shots
1 2 3 T
Predators 12 3 4 19
Lightning 20 9 6 35

1st period

1. Lightning , Mark Scheifele 17 (Henrik Zetterberg 13, Tyler Johnson 23) at 11:12
2. Lightning , Niclas Bergfors 8 (Jean-Gabriel Pageau 11, Jonathan Huberdeau 10) at 15:24

Penalties :
Brendan Gallagher (Nas) for Holding (Minor) at 6:38, Jean-Gabriel Pageau (TB.) for High sticking (Minor) at 13:09, Mark Pysyk (Nas) for Tripping (Minor) at 16:31

2nd period

3. Lightning , Mark Scheifele 18 (Tyler Johnson 24, Rasmus Ristolainen 15) at 15:01 (PP)

Penalties :
Andy Miele (Nas) for Hooking (Minor) at 0:03, Jesper Fast (TB.) for Tripping (Minor) at 6:52, Alexander Edler (Nas) for Holding (Minor) at 7:57, Clarke MacArthur (TB.) for Cross-checking (Minor) at 11:54, Jaden Schwartz (Nas) for Holding (Minor) at 14:46, Jack Eichel (Nas) for Slashing (Double Minor) at 16:22, Ben Lovejoy (TB.) for Hooking (Minor) at 17:25

3rd period

4. Lightning , Henrik Zetterberg 9 (Tyler Johnson 25, Ladislav Smid 7) at 11:46
5. Predators , Alexander Ovechkin 13 (Mikael Granlund 22, Jack Eichel 6) at 19:42 (PP)

Penalties :
Nik Antropov (Nas) for Hooking (Minor) at 2:09, Justin Abdelkader (Nas) for Cross-checking (Minor) at 4:57, Stephen Weiss (TB.) for High sticking (Minor) at 12:17, Dmitri Kalinin (Nas) for Hooking (Minor) at 16:41, Linus Omark (TB.) for Elbowing (Minor) at 19:25

Goalie Stats

Anders Lindback (Nas), 31 saves from 35 shots - (0.886), L, 4-3-1, 60:00 minutes
Philipp Grubauer (TB.), 18 saves from 19 shots - (0.947), W, 13-7-1, 60:00 minutes

Players Stats for Predators

Player Name              G  A  P  +/- PIM S  H  SB GA TA FO     MP     PP MP  PK MP  
------------------------------------------------------------------------------------
Alex Killorn             0  0  0  -1  0   0  1  0  0  0  0/0     8:13   0:00   0:00 
Alexander Edler          0  0  0  -1  2   3  5  2  1  3  0/0    28:52   4:37   8:25 
Alexander Ovechkin       1  0  1   0  0   5  1  0  0  0  1/3    16:50   3:21   1:47 
Andy Miele               0  0  0   0  2   1  1  0  0  0  14/26  18:56   0:08   7:25 
Brendan Gallagher        0  0  0  -2  2   2  4  0  0  1  2/3    16:08   3:50   2:14 
Byron Bitz               0  0  0   0  0   0  0  0  0  1  0/1    11:20   0:00   4:42 
Dmitri Kalinin           0  0  0   0  2   0  1  0  0  0  0/0    10:30   0:16   1:00 
Jack Eichel              0  1  1   0  4   1  2  0  0  0  2/5    10:52   3:29   1:19 
Jaden Schwartz           0  0  0  -2  2   1  1  2  0  0  3/6    19:00   3:50   5:09 
John Moore               0  0  0  -2  0   2  2  2  0  1  0/0    21:45   2:41   5:49 
Justin Abdelkader        0  0  0   0  2   2  0  0  0  0  1/1     6:54   0:08   0:00 
Justin Faulk             0  0  0  -2  0   0  1  0  0  0  0/0    15:26   2:41   0:00 
Mark Pysyk               0  0  0  -1  2   1  1  2  0  0  1/3    16:36   0:00   7:48 
Mikael Granlund          0  1  1   0  0   0  0  0  0  0  0/1    15:00   3:21   0:04 
Nate Schmidt             0  0  0   0  0   0  0  0  0  0  0/0    14:54   0:00   6:03 
Nik Antropov             0  0  0  -1  2   0  0  0  0  0  0/2     8:40   0:00   0:00 
Ryan Kesler              0  0  0  -2  0   0  3  0  0  0  5/8    13:01   3:50   0:00 
Ryan Mcdonagh            0  0  0  -1  0   1  1  4  0  3  0/0    28:47   4:22   9:11 

Players Stats for Lightning

Player Name              G  A  P  +/- PIM S  H  SB GA TA FO     MP     PP MP  PK MP  
------------------------------------------------------------------------------------
Ben Lovejoy              0  0  0   1  2   1  1  0  0  0  0/0    20:24   5:40   3:10 
Brian Flynn              0  0  0   0  0   0  0  0  0  0  0/0     5:33   0:00   0:00 
Clarke MacArthur         0  0  0   0  2   0  0  0  0  0  0/0     5:58   0:00   0:00 
Henrik Zetterberg        1  1  2   2  0   4  2  0  3  0  0/0    19:56   6:06   2:05 
Jean-Gabriel Pageau      0  1  1   1  2   1  4  1  1  0  4/11   17:54   6:06   1:37 
Jesper Fast              0  0  0   0  2   2  0  1  0  0  0/0    11:59   0:31   1:30 
Jon Merrill              0  0  0   1  0   0  1  1  0  0  0/0    27:32   9:33   4:09 
Jonathan Huberdeau       0  1  1   1  0   3  2  0  0  0  1/1    17:19   8:36   0:43 
Jordin Tootoo            0  0  0   0  0   1  1  0  0  0  0/0     5:33   0:00   0:00 
Justin Schultz           0  0  0   1  0   0  2  0  1  0  0/0    21:47   6:45   3:10 
Kevin Marshall           0  0  0   1  0   0  2  0  0  0  0/0    11:17   0:00   0:00 
Ladislav Smid            0  1  1   1  0   0  1  0  0  0  0/0    15:54   0:01   4:09 
Linus Omark              0  0  0   0  2   5  1  0  0  0  0/0    10:17   0:00   0:00 
Mark Scheifele           2  0  2   2  0   6  0  0  0  0  18/37  24:43   9:08   4:11 
Niclas Bergfors          1  0  1   1  0   3  3  0  0  0  0/0    15:14   6:06   0:00 
Rasmus Ristolainen       0  1  1   1  0   2  2  0  1  0  0/0    23:06   8:29   0:00 
Stephen Weiss            0  0  0   0  2   4  1  0  1  0  6/8    10:17   0:00   0:12 
Tyler Johnson            0  3  3   2  0   3  3  0  2  1  1/2    24:59   9:08   4:20 

3 Stars

1 - Mark Scheifele (TB.)
2 - Tyler Johnson (TB.)
3 - Henrik Zetterberg (TB.)

Power Play

Predators - 1 on 6 Attempt(s) - 16.67%
Lightning - 1 on 10 Attempt(s) - 10.00%

Penalty Kill

Predators - 9 on 10 Attempt(s) - 90.00% - Score 0 goal in Penalty Kill
Lightning - 5 on 6 Attempt(s) - 83.33% - Score 0 goal in Penalty Kill

Team Stat

Predators - Hits : 24 - Faceoff Wins : 29 - Blocked Shots : 12 - Penalty Minutes : 20
Lightning - Hits : 26 - Faceoff Wins : 30 - Blocked Shots : 3 - Penalty Minutes : 12

Official

Referees : Unknown
Linesman : Unknown

Game Notes

No Game Note

Finance

Level 1 -- Attendance: 4425 (73.75%) -- Ticket Income $508,875
Level 2 -- Attendance: 4517 (90.34%) -- Ticket Income $289,088
Level 3 -- Attendance: 1593 (79.65%) -- Ticket Income $70,092
Level 4 -- Attendance: 2440 (61.00%) -- Ticket Income $97,600
Luxury Box -- Attendance: 695 (69.50%) -- Ticket Income $149,425
Game was played at the Tampa Bay Stadium.
Total Attendance: 13670 (75.94%)
Total Ticket Income: $1,115,080
Other Income: $167,262
Total Income: $1,282,342

Predators

5 vs 5 Forward 
   Center                   Left Wing                Right Wing               Time % Phy DF OF 
 1 Andy Miele               Alexander Ovechkin       Mikael Granlund          40     1   2  2  
 2 Ryan Kesler              Jaden Schwartz           Brendan Gallagher        30     1   2  2  
 3 Jack Eichel              Justin Abdelkader        Byron Bitz               18     1   2  2  
 4 Nik Antropov             Alex Killorn             Mark Pysyk               12     1   2  2  

5 vs 5 Defense 
   Defense                  Defense                                           Time % Phy DF OF 
 1 Ryan Mcdonagh            Alexander Edler                                   40     1   2  2  
 2 John Moore               Justin Faulk                                      30     1   2  2  
 3 Dmitri Kalinin           Nate Schmidt                                      20     1   2  2  
 4 Ryan Mcdonagh            Alexander Edler                                   10     1   2  2  

PowerPlay Forward 
   Center                   Left Wing                Right Wing               Time % Phy DF OF 
 1 Jack Eichel              Alexander Ovechkin       Mikael Granlund          60     1   1  3  
 2 Ryan Kesler              Jaden Schwartz           Brendan Gallagher        40     1   1  3  

PowerPlay Defense
   Defense                  Defense                                           Time % Phy DF OF 
 1 Ryan Mcdonagh            Alexander Edler                                   60     1   2  2  
 2 John Moore               Justin Faulk                                      40     1   2  2  

Penalty Kill 4 Players Forward 
   Center                   Wing                     Time % Phy DF OF 
 1 Andy Miele               Mark Pysyk               60     1   2  2  
 2 Jaden Schwartz           Byron Bitz               40     1   2  2  

Penalty Kill 4 Players Defense
   Defense                  Defense                  Time % Phy DF OF 
 1 Ryan Mcdonagh            Alexander Edler          60     1   2  2  
 2 John Moore               Nate Schmidt             40     1   1  3  

Penalty Kill - 3 Players Forward 
   Forward                                           Time % Phy DF OF 
 1 Alexander Ovechkin                                60     1   2  2  
 2 Mikael Granlund                                   40     1   2  2  

Penalty Kill - 3 Players Defense
   Defense                  Defense                  Time % Phy DF OF 
 1 Ryan Mcdonagh            Alexander Edler          60     1   2  2  
 2 John Moore               Nate Schmidt             40     1   2  2  

4 vs 4 Forward 
   Center                   Wing                     Time % Phy DF OF 
 1 Alexander Ovechkin       Mikael Granlund          60     1   2  2  
 2 Jaden Schwartz           Brendan Gallagher        40     1   2  2  

4 vs 4 Defense
   Defense                  Defense                  Time % Phy DF OF 
 1 Ryan Mcdonagh            Alexander Edler          60     1   2  2  
 2 John Moore               Justin Faulk             40     1   2  2  

Last Minutes Offensive
   Center                   Left Wing                Right Wing               Defense                  Defense                  
   Ryan Kesler              Alexander Ovechkin       Mikael Granlund          Ryan Mcdonagh            Alexander Edler          

Last Minutes Defensive
   Center                   Left Wing                Right Wing               Defense                  Defense                  
   Ryan Kesler              Alexander Ovechkin       Mikael Granlund          Ryan Mcdonagh            Alexander Edler          

Goaltenders
Starting : Anders Lindback          
Backup : Viktor Fasth             

Extra Forwards
Normal : Andy Miele, Justin Abdelkader, Nik Antropov - PP : Andy Miele, Justin Abdelkader - PK : Brendan Gallagher
Extra Defensemen
Normal : Dmitri Kalinin, Nate Schmidt, John Moore - PP : Dmitri Kalinin - PK : Justin Faulk, John Moore
Penalty Shots
Jaden Schwartz, Ryan Kesler, Alexander Ovechkin, Jack Eichel, Ryan Mcdonagh

Scratches
None

Lightning

5 vs 5 Forward 
   Center                   Left Wing                Right Wing               Time % Phy DF OF 
 1 Mark Scheifele           Henrik Zetterberg        Tyler Johnson            40     0   2  3  
 2 Jean-Gabriel Pageau      Jonathan Huberdeau       Niclas Bergfors          35     0   2  3  
 3 Stephen Weiss            Linus Omark              Jesper Fast              20     1   2  2  
 4 Brian Flynn              Clarke MacArthur         Jordin Tootoo            5      1   2  2  

5 vs 5 Defense 
   Defense                  Defense                                           Time % Phy DF OF 
 1 Jon Merrill              Rasmus Ristolainen                                35     0   2  3  
 2 Ben Lovejoy              Justin Schultz                                    30     1   2  2  
 3 Ladislav Smid            Kevin Marshall                                    30     1   2  2  
 4 Jon Merrill              Rasmus Ristolainen                                5      1   2  2  

PowerPlay Forward 
   Center                   Left Wing                Right Wing               Time % Phy DF OF 
 1 Mark Scheifele           Jonathan Huberdeau       Tyler Johnson            60     0   1  4  
 2 Jean-Gabriel Pageau      Henrik Zetterberg        Niclas Bergfors          40     0   1  4  

PowerPlay Defense
   Defense                  Defense                                           Time % Phy DF OF 
 1 Jon Merrill              Rasmus Ristolainen                                60     0   1  4  
 2 Justin Schultz           Ben Lovejoy                                       40     1   1  3  

Penalty Kill 4 Players Forward 
   Center                   Wing                     Time % Phy DF OF 
 1 Mark Scheifele           Tyler Johnson            60     1   3  1  
 2 Jean-Gabriel Pageau      Henrik Zetterberg        40     1   3  1  

Penalty Kill 4 Players Defense
   Defense                  Defense                  Time % Phy DF OF 
 1 Ladislav Smid            Jon Merrill              60     1   3  1  
 2 Ben Lovejoy              Justin Schultz           40     1   3  1  

Penalty Kill - 3 Players Forward 
   Forward                                           Time % Phy DF OF 
 1 Tyler Johnson                                     60     1   3  1  
 2 Jean-Gabriel Pageau                               40     1   3  1  

Penalty Kill - 3 Players Defense
   Defense                  Defense                  Time % Phy DF OF 
 1 Ladislav Smid            Jon Merrill              60     1   3  1  
 2 Ben Lovejoy              Justin Schultz           40     1   3  1  

4 vs 4 Forward 
   Center                   Wing                     Time % Phy DF OF 
 1 Mark Scheifele           Tyler Johnson            60     1   2  2  
 2 Jean-Gabriel Pageau      Henrik Zetterberg        40     1   2  2  

4 vs 4 Defense
   Defense                  Defense                  Time % Phy DF OF 
 1 Jon Merrill              Rasmus Ristolainen       60     1   2  2  
 2 Jon Merrill              Justin Schultz           40     1   2  2  

Last Minutes Offensive
   Center                   Left Wing                Right Wing               Defense                  Defense                  
   Mark Scheifele           Jonathan Huberdeau       Tyler Johnson            Rasmus Ristolainen       Justin Schultz           

Last Minutes Defensive
   Center                   Left Wing                Right Wing               Defense                  Defense                  
   Jean-Gabriel Pageau      Henrik Zetterberg        Tyler Johnson            Ben Lovejoy              Jon Merrill              

Goaltenders
Starting : Philipp Grubauer         
Backup : Jhonas Enroth            

Extra Forwards
Normal : Clarke MacArthur, Linus Omark, Henrik Zetterberg - PP : Jesper Fast, Jordin Tootoo - PK : Jesper Fast
Extra Defensemen
Normal : Jon Merrill, Rasmus Ristolainen, Justin Schultz - PP : Ladislav Smid - PK : Justin Schultz, Kevin Marshall
Penalty Shots
Mark Scheifele, Tyler Johnson, Niclas Bergfors, Henrik Zetterberg, Justin Schultz

Scratches
None


% Time on Ice - Predators

Lines # - Real PCT - Wanted PCT - Time Play
Normal Forward
1 - 30% - 40% - 10:32
2 - 27% - 30% - 9:24
3 - 19% - 18% - 6:25
4 - 24% - 12% - 8:13
Normal Defense
1 - 40% - 40% - 13:46
2 - 36% - 30% - 12:28
3 - 21% - 20% - 7:21
4 - 3% - 10% - 0:59
PP Forward
1 - 48% - 60% - 3:29
2 - 52% - 40% - 3:50
PP Defense
1 - 63% - 60% - 4:38
2 - 37% - 40% - 2:41
PK Forward
1 - 69% - 60% - 10:32
2 - 31% - 40% - 4:42
PK Defense
1 - 60% - 60% - 9:11
2 - 40% - 40% - 6:03
PK3 Forward
1 - 0% - 60%
2 - 0% - 40%
PK3 Defense
1 - 0% - 60%
2 - 0% - 40%
44 Forward
1 - 78% - 60% - 2:15
2 - 22% - 40% - 0:38
44 Defense
1 - 38% - 60% - 1:06
2 - 62% - 40% - 1:47
Last Minute Offensive  - 0:00
Last Minute Defensive  - 0:00
Total
Forward - 60:00
Defense - 60:00

% Time on Ice - Lightning

Lines # - Real PCT - Wanted PCT - Time Play
Normal Forward
1 - 29% - 40% - 9:56
2 - 26% - 35% - 9:08
3 - 29% - 20% - 9:57
4 - 16% - 5% - 5:33
Normal Defense
1 - 33% - 35% - 11:28
2 - 34% - 30% - 11:39
3 - 33% - 30% - 11:17
4 - 0% - 5% - 0:10
PP Forward
1 - 60% - 60% - 9:08
2 - 40% - 40% - 6:06
PP Defense
1 - 56% - 60% - 8:29
2 - 44% - 40% - 6:45
PK Forward
1 - 72% - 60% - 5:14
2 - 28% - 40% - 2:05
PK Defense
1 - 57% - 60% - 4:09
2 - 43% - 40% - 3:10
PK3 Forward
1 - 0% - 60%
2 - 0% - 40%
PK3 Defense
1 - 0% - 60%
2 - 0% - 40%
44 Forward
1 - 67% - 60% - 1:56
2 - 33% - 40% - 0:57
44 Defense
1 - 63% - 60% - 1:49
2 - 37% - 40% - 1:04
Last Minute Offensive  - 0:00
Last Minute Defensive  - 0:00
Total
Forward - 60:00
Defense - 60:00

Play-by-Play

1st period


0:01 of 1st period - Mark Scheifele wins face-off versus Andy Miele in neutral zone.
0:32 of 1st period - Snap shot by Alexander Edler.
0:32 of 1st period - Stopped by Philipp Grubauer with a rebound.
0:34 of 1st period - Slapshot by John Moore.
0:34 of 1st period - Shot Misses the Net.
0:36 of 1st period - Slapshot by John Moore.
0:36 of 1st period - Stopped by Philipp Grubauer with a rebound.
0:38 of 1st period - Snap shot by John Moore.
0:38 of 1st period - Deflect By Rasmus Ristolainen.
0:38 of 1st period - Stopped by Philipp Grubauer with a rebound.
0:40 of 1st period - Wrist shot by Jaden Schwartz.
0:40 of 1st period - Shot Misses the Net.
2:28 of 1st period - Wrist shot by Linus Omark.
2:28 of 1st period - Shot Misses the Net.
2:30 of 1st period - Snap shot by Justin Schultz.
2:30 of 1st period - Shot Misses the Net.
2:42 of 1st period - Ladislav Smid is hit by Alex Killorn.
3:02 of 1st period - Snap shot by Andy Miele.
3:02 of 1st period - Shot Misses the Net.
3:22 of 1st period - Snap shot by Niclas Bergfors.
3:22 of 1st period - Shot Misses the Net.
3:40 of 1st period - Wrist shot by Stephen Weiss.
3:40 of 1st period - Stopped by Anders Lindback with a rebound.
3:42 of 1st period - Slapshot by Ladislav Smid.
3:42 of 1st period - Deflect By Stephen Weiss.
3:42 of 1st period - Stopped by Anders Lindback without a rebound.
3:43 of 1st period - Stephen Weiss wins face-off versus Andy Miele in Predators zone.
3:44 of 1st period - Wrist shot by Rasmus Ristolainen.
3:44 of 1st period - Shot Misses the Net.
4:34 of 1st period - Snap shot by Linus Omark.
4:34 of 1st period - Shot Misses the Net.
4:40 of 1st period - Ben Lovejoy is hit by Justin Faulk and loses puck.
4:55 of 1st period - Snap shot by Mark Pysyk.
4:55 of 1st period - Stopped by Philipp Grubauer without a rebound.
4:56 of 1st period - Andy Miele wins face-off versus Mark Scheifele in Lightning zone.
4:57 of 1st period - Wrist shot by Alexander Ovechkin.
4:57 of 1st period - Stopped by Philipp Grubauer with a rebound.
5:03 of 1st period - Mikael Granlund is hit by Tyler Johnson and loses puck.
5:42 of 1st period - Slapshot by Justin Abdelkader.
5:42 of 1st period - Stopped by Philipp Grubauer with a rebound.
5:44 of 1st period - Wrist shot by Justin Abdelkader.
5:44 of 1st period - Shot Misses the Net.
5:46 of 1st period - Slapshot by Ryan Mcdonagh.
5:46 of 1st period - Stopped by Philipp Grubauer with a rebound.
5:48 of 1st period - Snap shot by Justin Abdelkader.
5:48 of 1st period - Stopped by Philipp Grubauer without a rebound.
5:49 of 1st period - Andy Miele wins face-off versus Mark Scheifele in Lightning zone.
6:04 of 1st period - Wrist shot by Mark Scheifele.
6:04 of 1st period - Stopped by Anders Lindback with a rebound.
6:06 of 1st period - Slapshot by Kevin Marshall.
6:06 of 1st period - Shot Blocked by Alexander Edler.
6:28 of 1st period - Slapshot by Alexander Edler.
6:28 of 1st period - Deflect By Kevin Marshall.
6:28 of 1st period - Stopped by Philipp Grubauer with a rebound.
6:38 of 1st period - Minor Penalty to Brendan Gallagher for Holding.
6:39 of 1st period - Mark Scheifele wins face-off versus Mark Pysyk in Predators zone.
6:50 of 1st period - Wrist shot by Jonathan Huberdeau.
6:50 of 1st period - Deflect By Mark Scheifele.
6:50 of 1st period - Stopped by Anders Lindback without a rebound.
6:51 of 1st period - Andy Miele wins face-off versus Tyler Johnson in Predators zone.
7:08 of 1st period - Slapshot by Tyler Johnson.
7:08 of 1st period - Stopped by Anders Lindback with a rebound.
7:25 of 1st period - Wrist shot by Niclas Bergfors.
7:25 of 1st period - Shot Blocked by Alexander Edler.
7:27 of 1st period - Snap shot by Ben Lovejoy.
7:27 of 1st period - Stopped by Anders Lindback with a rebound.
7:29 of 1st period - Snap shot by Henrik Zetterberg.
7:29 of 1st period - Stopped by Anders Lindback without a rebound.
7:30 of 1st period - Mark Scheifele wins face-off versus Andy Miele in Predators zone.
7:38 of 1st period - Wrist shot by Mark Scheifele.
7:38 of 1st period - Stopped by Anders Lindback without a rebound.
7:39 of 1st period - Jonathan Huberdeau wins face-off versus Mark Pysyk in Predators zone.
8:30 of 1st period - Backhand shot by Mark Scheifele.
8:30 of 1st period - Deflect By Tyler Johnson.
8:30 of 1st period - Shot Blocked by Ryan Mcdonagh.
8:30 of 1st period - Puck is out of play.
8:31 of 1st period - Jaden Schwartz wins face-off versus Jean-Gabriel Pageau in Predators zone.
8:38 of 1st period - Penalty to Brendan Gallagher is over, Brendan Gallagher is back on ice.
8:42 of 1st period - Slapshot by Henrik Zetterberg.
8:42 of 1st period - Stopped by Anders Lindback without a rebound.
8:43 of 1st period - Andy Miele wins face-off versus Stephen Weiss in Predators zone.
8:48 of 1st period - Ladislav Smid is hit by Alexander Ovechkin and loses puck.
8:57 of 1st period - Backhand shot by Linus Omark.
8:57 of 1st period - Stopped by Anders Lindback without a rebound.
8:58 of 1st period - Ryan Kesler wins face-off versus Mark Scheifele in Predators zone.
9:06 of 1st period - Icing by Brendan Gallagher.
9:07 of 1st period - Ryan Kesler wins face-off versus Mark Scheifele in Predators zone.
9:48 of 1st period - Wrist shot by Rasmus Ristolainen.
9:48 of 1st period - Stopped by Anders Lindback with a rebound.
10:04 of 1st period - Slapshot by Mark Scheifele.
10:04 of 1st period - Shot Misses the Net.
10:06 of 1st period - Slapshot by Tyler Johnson.
10:06 of 1st period - Shot Hit the Post.
10:22 of 1st period - Snap shot by Tyler Johnson.
10:22 of 1st period - Shot Misses the Net.
10:24 of 1st period - Slapshot by Jon Merrill.
10:24 of 1st period - Shot Blocked by Jaden Schwartz.
10:58 of 1st period - Slapshot by Henrik Zetterberg.
10:58 of 1st period - Shot Misses the Net.
11:00 of 1st period - Snap shot by Mark Scheifele.
11:00 of 1st period - Shot Blocked by John Moore.
11:12 of 1st period - Wrist shot by Mark Scheifele.
11:12 of 1st period - Goal by Mark Scheifele - Predators : 0 - Lightning : 1.
11:13 of 1st period - Andy Miele wins face-off versus Jean-Gabriel Pageau in neutral zone.
11:13 of 1st period - Andy Miele is hit by Jonathan Huberdeau.
11:21 of 1st period - Slapshot by Alexander Edler.
11:21 of 1st period - Stopped by Philipp Grubauer with a rebound.
11:23 of 1st period - Snap shot by Mikael Granlund.
11:23 of 1st period - Shot Misses the Net.
11:25 of 1st period - Wrist shot by Andy Miele.
11:25 of 1st period - Stopped by Philipp Grubauer without a rebound.
11:26 of 1st period - Andy Miele wins face-off versus Jean-Gabriel Pageau in Lightning zone.
11:41 of 1st period - Snap shot by Mikael Granlund.
11:41 of 1st period - Shot Blocked by Jean-Gabriel Pageau.
12:20 of 1st period - Nate Schmidt is hit by Justin Schultz and loses puck.
12:35 of 1st period - Mark Pysyk is hit by Kevin Marshall and loses puck.
13:02 of 1st period - Snap shot by Alexander Ovechkin.
13:02 of 1st period - Stopped by Philipp Grubauer without a rebound.
13:03 of 1st period - Andy Miele wins face-off versus Jean-Gabriel Pageau in Lightning zone.
13:09 of 1st period - Minor Penalty to Jean-Gabriel Pageau for High sticking.
13:10 of 1st period - Jack Eichel wins face-off versus Mark Scheifele in Lightning zone.
13:24 of 1st period - Snap shot by Mikael Granlund.
13:24 of 1st period - Shot Misses the Net.
14:08 of 1st period - Icing by Mikael Granlund.
14:09 of 1st period - Mark Scheifele wins face-off versus Ryan Kesler in Predators zone.
15:09 of 1st period - Penalty to Jean-Gabriel Pageau is over, Jean-Gabriel Pageau is back on ice.
15:24 of 1st period - Wrist shot by Niclas Bergfors.
15:24 of 1st period - Goal by Niclas Bergfors - Predators : 0 - Lightning : 2.
15:25 of 1st period - Andy Miele wins face-off versus Jean-Gabriel Pageau in neutral zone.
15:39 of 1st period - Wrist shot by Niclas Bergfors.
15:39 of 1st period - Stopped by Anders Lindback with a rebound.
15:41 of 1st period - Slapshot by Ladislav Smid.
15:41 of 1st period - Shot Blocked by Ryan Mcdonagh.
16:00 of 1st period - Alexander Edler is hit by Tyler Johnson and loses puck.
16:31 of 1st period - Minor Penalty to Mark Pysyk for Tripping.
16:32 of 1st period - Tyler Johnson wins face-off versus Andy Miele in Predators zone.
16:35 of 1st period - Snap shot by Tyler Johnson.
16:35 of 1st period - Stopped by Anders Lindback with a rebound.
16:37 of 1st period - Wrist shot by Jonathan Huberdeau.
16:37 of 1st period - Stopped by Anders Lindback with a rebound.
16:57 of 1st period - Ryan Mcdonagh is hit by Niclas Bergfors.
17:50 of 1st period - Jon Merrill is hit by Andy Miele and loses puck.
18:21 of 1st period - Ben Lovejoy is hit by John Moore.
18:31 of 1st period - Penalty to Mark Pysyk is over, Mark Pysyk is back on ice.
18:46 of 1st period - Snap shot by Stephen Weiss.
18:46 of 1st period - Shot Misses the Net.
18:48 of 1st period - Snap shot by Jesper Fast.
18:48 of 1st period - Stopped by Anders Lindback with a rebound.
18:50 of 1st period - Slapshot by Kevin Marshall.
18:50 of 1st period - Deflect By Jesper Fast.
18:50 of 1st period - Stopped by Anders Lindback with a rebound.
18:52 of 1st period - Slapshot by Linus Omark.
18:52 of 1st period - Stopped by Anders Lindback with a rebound.
18:54 of 1st period - Slapshot by Ladislav Smid.
18:54 of 1st period - Shot Misses the Net.
18:56 of 1st period - Wrist shot by Linus Omark.
18:56 of 1st period - Stopped by Anders Lindback with a rebound.
19:08 of 1st period - Snap shot by Brian Flynn.
19:08 of 1st period - Shot Blocked by Mark Pysyk.
19:32 of 1st period - Justin Faulk is hit by Jean-Gabriel Pageau.
19:54 of 1st period - Jon Merrill is hit by Ryan Kesler and loses puck.
Goals for this period are 0 for Predators vs 2 for Lightning .
Shots for this period are 12 for Predators vs 20 for Lightning .

2nd period


0:01 of 2nd period - Andy Miele wins face-off versus Mark Scheifele in neutral zone.
0:03 of 2nd period - Minor Penalty to Andy Miele for Hooking.
0:04 of 2nd period - Mark Scheifele wins face-off versus Brendan Gallagher in Predators zone.
0:18 of 2nd period - Snap shot by Tyler Johnson.
0:18 of 2nd period - Stopped by Anders Lindback without a rebound.
0:19 of 2nd period - Brendan Gallagher wins face-off versus Mark Scheifele in Predators zone.
0:44 of 2nd period - Niclas Bergfors is hit by Alexander Edler and loses puck.
0:51 of 2nd period - Byron Bitz is hit by Ben Lovejoy and loses puck.
1:27 of 2nd period - Mark Pysyk is hit by Jean-Gabriel Pageau and loses puck.
1:44 of 2nd period - Snap shot by Mark Pysyk.
1:44 of 2nd period - Deflect By Byron Bitz.
1:44 of 2nd period - Shot Misses the Net.
1:44 of 2nd period - Puck is out of play.
1:45 of 2nd period - Jaden Schwartz wins face-off versus Mark Scheifele in Lightning zone.
2:03 of 2nd period - Penalty to Andy Miele is over, Andy Miele is back on ice.
2:34 of 2nd period - Snap shot by Jaden Schwartz.
2:34 of 2nd period - Deflect By Jack Eichel.
2:34 of 2nd period - Stopped by Philipp Grubauer with a rebound.
3:14 of 2nd period - Mark Scheifele is hit by Jaden Schwartz and loses puck.
3:21 of 2nd period - Jaden Schwartz is hit by Henrik Zetterberg and loses puck.
4:01 of 2nd period - Alex Killorn is hit by Jonathan Huberdeau and loses puck.
4:30 of 2nd period - Mark Pysyk is hit by Jon Merrill and loses puck.
4:43 of 2nd period - Slapshot by Jean-Gabriel Pageau.
4:43 of 2nd period - Shot Misses the Net.
4:45 of 2nd period - Slapshot by Niclas Bergfors.
4:45 of 2nd period - Deflect By Jean-Gabriel Pageau.
4:45 of 2nd period - Stopped by Anders Lindback without a rebound.
4:46 of 2nd period - Mark Scheifele wins face-off versus Andy Miele in Predators zone.
4:51 of 2nd period - Snap shot by Henrik Zetterberg.
4:51 of 2nd period - Shot Misses the Net.
5:21 of 2nd period - Wrist shot by Linus Omark.
5:21 of 2nd period - Shot Misses the Net.
5:23 of 2nd period - Slapshot by Ben Lovejoy.
5:23 of 2nd period - Shot Blocked by Jaden Schwartz.
5:25 of 2nd period - Wrist shot by Linus Omark.
5:25 of 2nd period - Stopped by Anders Lindback without a rebound.
5:26 of 2nd period - Justin Abdelkader wins face-off versus Stephen Weiss in Predators zone.
5:26 of 2nd period - Justin Abdelkader is hit by Linus Omark.
5:33 of 2nd period - Off-side.
5:34 of 2nd period - Stephen Weiss wins face-off versus Jack Eichel in neutral zone.
5:57 of 2nd period - Jesper Fast is hit by Dmitri Kalinin.
6:10 of 2nd period - Jack Eichel is hit by Stephen Weiss and loses puck.
6:27 of 2nd period - Snap shot by Stephen Weiss.
6:27 of 2nd period - Shot Misses the Net.
6:52 of 2nd period - Minor Penalty to Jesper Fast for Tripping.
6:53 of 2nd period - Ryan Kesler wins face-off versus Mark Scheifele in Lightning zone.
6:59 of 2nd period - Slapshot by Jaden Schwartz.
6:59 of 2nd period - Stopped by Philipp Grubauer without a rebound.
7:00 of 2nd period - Ryan Kesler wins face-off versus Mark Scheifele in Lightning zone.
7:25 of 2nd period - Slapshot by Mark Scheifele.
7:25 of 2nd period - Shot Misses the Net.
7:57 of 2nd period - Minor Penalty to Alexander Edler for Holding.
7:58 of 2nd period - Alexander Ovechkin wins face-off versus Mark Scheifele in Predators zone.
8:09 of 2nd period - Wrist shot by Alexander Ovechkin.
8:09 of 2nd period - Shot Misses the Net.
8:11 of 2nd period - Slapshot by Alexander Ovechkin.
8:11 of 2nd period - Stopped by Philipp Grubauer with a rebound.
8:52 of 2nd period - Penalty to Jesper Fast is over, Jesper Fast is back on ice.
9:17 of 2nd period - Jon Merrill is hit by Ryan Mcdonagh and loses puck.
9:41 of 2nd period - Icing by Jean-Gabriel Pageau.
9:42 of 2nd period - Jean-Gabriel Pageau wins face-off versus Andy Miele in Lightning zone.
9:57 of 2nd period - Penalty to Alexander Edler is over, Alexander Edler is back on ice.
10:17 of 2nd period - Wrist shot by Linus Omark.
10:17 of 2nd period - Shot Blocked by John Moore.
10:51 of 2nd period - Alexander Edler is hit by Kevin Marshall and loses puck.
11:08 of 2nd period - Henrik Zetterberg is hit by Mark Pysyk and loses puck.
11:27 of 2nd period - Snap shot by Jordin Tootoo.
11:27 of 2nd period - Stopped by Anders Lindback with a rebound.
11:35 of 2nd period - Wrist shot by Mark Pysyk.
11:35 of 2nd period - Shot Misses the Net.
11:54 of 2nd period - Minor Penalty to Clarke MacArthur for Cross-checking.
11:55 of 2nd period - Mark Scheifele wins face-off versus Jack Eichel in Lightning zone.
12:21 of 2nd period - Ladislav Smid is hit by Brendan Gallagher and loses puck.
13:19 of 2nd period - Ryan Kesler is hit by Jean-Gabriel Pageau and loses puck.
13:54 of 2nd period - Penalty to Clarke MacArthur is over, Clarke MacArthur is back on ice.
14:14 of 2nd period - Dmitri Kalinin is hit by Jordin Tootoo and loses puck.
14:25 of 2nd period - Andy Miele is hit by Rasmus Ristolainen and loses puck.
14:30 of 2nd period - Snap shot by Stephen Weiss.
14:30 of 2nd period - Stopped by Anders Lindback without a rebound.
14:31 of 2nd period - Jean-Gabriel Pageau wins face-off versus Jack Eichel in Predators zone.
14:34 of 2nd period - Snap shot by Niclas Bergfors.
14:34 of 2nd period - Stopped by Anders Lindback without a rebound.
14:35 of 2nd period - Mark Scheifele wins face-off versus Ryan Kesler in Predators zone.
14:46 of 2nd period - Minor Penalty to Jaden Schwartz for Holding.
14:47 of 2nd period - Mark Scheifele wins face-off versus Andy Miele in Predators zone.
14:59 of 2nd period - Slapshot by Tyler Johnson.
14:59 of 2nd period - Shot Misses the Net.
15:01 of 2nd period - Slapshot by Mark Scheifele.
15:01 of 2nd period - Goal by Mark Scheifele - Predators : 0 - Lightning : 3.
15:02 of 2nd period - Mark Scheifele wins face-off versus Andy Miele in neutral zone.
15:05 of 2nd period - Alexander Edler is hit by Rasmus Ristolainen and loses puck.
15:25 of 2nd period - Icing by Ryan Mcdonagh.
15:26 of 2nd period - Jean-Gabriel Pageau wins face-off versus Jaden Schwartz in Predators zone.
15:43 of 2nd period - Wrist shot by Jonathan Huberdeau.
15:43 of 2nd period - Stopped by Anders Lindback with a rebound.
16:22 of 2nd period - Double Minor Penalty to Jack Eichel for Slashing.
16:23 of 2nd period - Mark Scheifele wins face-off versus Andy Miele in Predators zone.
16:57 of 2nd period - Slapshot by Rasmus Ristolainen.
16:57 of 2nd period - Stopped by Anders Lindback without a rebound.
16:58 of 2nd period - Mark Scheifele wins face-off versus Jaden Schwartz in Predators zone.
17:25 of 2nd period - Minor Penalty to Ben Lovejoy for Hooking.
17:26 of 2nd period - Mark Scheifele wins face-off versus Alexander Ovechkin in Lightning zone.
17:54 of 2nd period - Tyler Johnson is hit by Alexander Edler.
18:30 of 2nd period - Jon Merrill is hit by John Moore and loses puck.
19:25 of 2nd period - Penalty to Ben Lovejoy is over, Ben Lovejoy is back on ice.
19:32 of 2nd period - Niclas Bergfors is hit by Alexander Edler and loses puck.
Goals for this period are 0 for Predators vs 1 for Lightning .
Shots for this period are 3 for Predators vs 9 for Lightning .

3rd period


0:01 of 3rd period - Mark Scheifele wins face-off versus Andy Miele in neutral zone.
0:22 of 3rd period - Penalty to Jack Eichel is over, Jack Eichel is back on ice.
0:35 of 3rd period - Wrist shot by Brendan Gallagher.
0:35 of 3rd period - Shot Blocked by Jon Merrill.
1:19 of 3rd period - Wrist shot by Linus Omark.
1:19 of 3rd period - Shot Misses the Net.
1:51 of 3rd period - Andy Miele is hit by Henrik Zetterberg and loses puck.
2:04 of 3rd period - Slapshot by Stephen Weiss.
2:04 of 3rd period - Stopped by Anders Lindback with a rebound.
2:09 of 3rd period - Minor Penalty to Nik Antropov for Hooking.
2:10 of 3rd period - Andy Miele wins face-off versus Mark Scheifele in Predators zone.
2:40 of 3rd period - Andy Miele is hit by Jean-Gabriel Pageau and loses puck.
4:09 of 3rd period - Penalty to Nik Antropov is over, Nik Antropov is back on ice.
4:18 of 3rd period - Snap shot by Brian Flynn.
4:18 of 3rd period - Shot Blocked by Mark Pysyk.
4:20 of 3rd period - Snap shot by Clarke MacArthur.
4:20 of 3rd period - Shot Misses the Net.
4:22 of 3rd period - Slapshot by Kevin Marshall.
4:22 of 3rd period - Shot Misses the Net.
4:57 of 3rd period - Minor Penalty to Justin Abdelkader for Cross-checking.
4:58 of 3rd period - Jaden Schwartz wins face-off versus Mark Scheifele in Predators zone.
4:58 of 3rd period - Jaden Schwartz is hit by Justin Schultz.
5:51 of 3rd period - Slapshot by Ben Lovejoy.
5:51 of 3rd period - Deflect By Henrik Zetterberg.
5:51 of 3rd period - Stopped by Anders Lindback with a rebound.
5:59 of 3rd period - Backhand shot by Jean-Gabriel Pageau.
5:59 of 3rd period - Shot Misses the Net.
6:05 of 3rd period - Snap shot by Niclas Bergfors.
6:05 of 3rd period - Deflect By Henrik Zetterberg.
6:05 of 3rd period - Shot Misses the Net.
6:05 of 3rd period - Puck is out of play.
6:06 of 3rd period - Brendan Gallagher wins face-off versus Mark Scheifele in Predators zone.
6:57 of 3rd period - Penalty to Justin Abdelkader is over, Justin Abdelkader is back on ice.
8:09 of 3rd period - Jesper Fast is hit by Ryan Kesler and loses puck.
8:41 of 3rd period - Ryan Mcdonagh is hit by Ladislav Smid and loses puck.
8:56 of 3rd period - Ben Lovejoy is hit by Brendan Gallagher.
9:15 of 3rd period - Icing by Nate Schmidt.
9:16 of 3rd period - Stephen Weiss wins face-off versus Nik Antropov in Predators zone.
9:45 of 3rd period - Slapshot by Mikael Granlund.
9:45 of 3rd period - Shot Misses the Net.
9:58 of 3rd period - Icing by Andy Miele.
9:59 of 3rd period - Ryan Kesler wins face-off versus Jean-Gabriel Pageau in Predators zone.
10:11 of 3rd period - John Moore is hit by Niclas Bergfors and loses puck.
10:31 of 3rd period - Off-side.
10:32 of 3rd period - Mark Scheifele wins face-off versus Andy Miele in neutral zone.
10:32 of 3rd period - Mark Scheifele is hit by Alexander Edler.
11:02 of 3rd period - Snap shot by Brendan Gallagher.
11:02 of 3rd period - Stopped by Philipp Grubauer without a rebound.
11:03 of 3rd period - Andy Miele wins face-off versus Jean-Gabriel Pageau in Lightning zone.
11:28 of 3rd period - Nate Schmidt is hit by Tyler Johnson.
11:31 of 3rd period - Off-side.
11:32 of 3rd period - Mark Scheifele wins face-off versus Ryan Kesler in neutral zone.
11:46 of 3rd period - Slapshot by Henrik Zetterberg.
11:46 of 3rd period - Goal by Henrik Zetterberg - Predators : 0 - Lightning : 4.
11:47 of 3rd period - Andy Miele wins face-off versus Mark Scheifele in neutral zone.
11:50 of 3rd period - Slapshot by Alexander Edler.
11:50 of 3rd period - Deflect By Alexander Ovechkin.
11:50 of 3rd period - Stopped by Philipp Grubauer with a rebound.
12:04 of 3rd period - Snap shot by Henrik Zetterberg.
12:04 of 3rd period - Shot Misses the Net.
12:16 of 3rd period - Wrist shot by Stephen Weiss.
12:16 of 3rd period - Shot Misses the Net.
12:17 of 3rd period - Minor Penalty to Stephen Weiss for High sticking.
12:18 of 3rd period - Mark Scheifele wins face-off versus Alexander Ovechkin in Lightning zone.
12:18 of 3rd period - Mark Scheifele is hit by Jack Eichel.
12:37 of 3rd period - Jon Merrill is hit by Alexander Edler and loses puck.
12:52 of 3rd period - Jon Merrill is hit by Brendan Gallagher.
13:24 of 3rd period - Justin Schultz is hit by Ryan Kesler and loses puck.
14:08 of 3rd period - Henrik Zetterberg is hit by Jack Eichel and loses puck.
14:17 of 3rd period - Penalty to Stephen Weiss is over, Stephen Weiss is back on ice.
14:25 of 3rd period - Wrist shot by Mark Scheifele.
14:25 of 3rd period - Stopped by Anders Lindback without a rebound.
14:26 of 3rd period - Stephen Weiss wins face-off versus Nik Antropov in Predators zone.
16:21 of 3rd period - Nik Antropov is hit by Niclas Bergfors and loses puck.
16:41 of 3rd period - Minor Penalty to Dmitri Kalinin for Hooking.
16:42 of 3rd period - Mark Pysyk wins face-off versus Mark Scheifele in Predators zone.
16:54 of 3rd period - Icing by Rasmus Ristolainen.
16:55 of 3rd period - Andy Miele wins face-off versus Mark Scheifele in Lightning zone.
17:23 of 3rd period - Snap shot by Mark Scheifele.
17:23 of 3rd period - Shot Blocked by Ryan Mcdonagh.
17:25 of 3rd period - Slapshot by Rasmus Ristolainen.
17:25 of 3rd period - Shot Blocked by Ryan Mcdonagh.
17:27 of 3rd period - Wrist shot by Mark Scheifele.
17:27 of 3rd period - Shot Misses the Net.
17:29 of 3rd period - Snap shot by Jonathan Huberdeau.
17:29 of 3rd period - Shot Misses the Net.
17:31 of 3rd period - Slapshot by Mark Scheifele.
17:31 of 3rd period - Shot Misses the Net.
17:33 of 3rd period - Slapshot by Jonathan Huberdeau.
17:33 of 3rd period - Stopped by Anders Lindback without a rebound.
17:34 of 3rd period - Jean-Gabriel Pageau wins face-off versus Jaden Schwartz in Predators zone.
18:35 of 3rd period - Henrik Zetterberg is hit by Brendan Gallagher and loses puck.
18:41 of 3rd period - Penalty to Dmitri Kalinin is over, Dmitri Kalinin is back on ice.
18:46 of 3rd period - Snap shot by Brendan Gallagher.
18:46 of 3rd period - Shot Misses the Net.
18:48 of 3rd period - Snap shot by Brendan Gallagher.
18:48 of 3rd period - Stopped by Philipp Grubauer without a rebound.
18:49 of 3rd period - Stephen Weiss wins face-off versus Byron Bitz in Lightning zone.
19:01 of 3rd period - Off-side.
19:02 of 3rd period - Stephen Weiss wins face-off versus Mikael Granlund in neutral zone.
19:09 of 3rd period - Wrist shot by Linus Omark.
19:09 of 3rd period - Stopped by Anders Lindback with a rebound.
19:17 of 3rd period - Snap shot by Alexander Ovechkin.
19:17 of 3rd period - Shot Blocked by Jesper Fast.
19:19 of 3rd period - Wrist shot by Alexander Ovechkin.
19:19 of 3rd period - Shot Misses the Net.
19:25 of 3rd period - Minor Penalty to Linus Omark for Elbowing.
19:26 of 3rd period - Jack Eichel wins face-off versus Mark Scheifele in Lightning zone.
19:40 of 3rd period - Snap shot by Alexander Ovechkin.
19:40 of 3rd period - Shot Misses the Net.
19:42 of 3rd period - Wrist shot by Alexander Ovechkin.
19:42 of 3rd period - Goal by Alexander Ovechkin - Predators : 1 - Lightning : 4.
19:43 of 3rd period - Mark Scheifele wins face-off versus Andy Miele in neutral zone.
19:48 of 3rd period - Snap shot by Tyler Johnson.
19:48 of 3rd period - Deflect By Henrik Zetterberg.
19:48 of 3rd period - Shot Misses the Net.
19:48 of 3rd period - Puck is out of play.
19:49 of 3rd period - Andy Miele wins face-off versus Mark Scheifele in Predators zone.
Goals for this period are 1 for Predators vs 1 for Lightning .
Shots for this period are 4 for Predators vs 6 for Lightning .